 Dungeon Crawl Stone Soup version 0.30-b1-2-g02819fbbbe (webtiles) character file.

Game seed: 6258821326155566723

413 snakesoul the Shooter (level 7, -3/42 HPs)
             Began as a Kobold Hunter on May 30, 2023.
             Succumbed to a scorpion's poison
             ... on level 5 of the Dungeon.
             The game lasted 00:05:54 (4625 turns).

snakesoul the Shooter (Kobold Hunter)               Turns: 4625, Time: 00:05:55

Health: -3/42      AC:  9    Str:  9    XL:     7   Next: 14%
Magic:  7/7        EV: 11    Int: 10    God:
Gold:   347        SH:  0    Dex: 20    Spells: 6/6 levels left

rFire   + + .        a - +0 shortbow
rCold   x . .        (shield currently unavailable)
rNeg    . . .        r - +0 fire dragon scales
rPois   .            (no helmet)
rElec   .            j - +0 cloak
rCorr   .            (no gloves)
SInv    .            (no boots)
Will    .....        (no amulet)
Stlth   ++           (no ring)
HPRegen 0.27/turn    (no ring)
MPRegen 0.10/turn

%: no passive effects
@: lethally poisoned (-3 -> -23)
A: small, no large weapons, nightstalker 3
a: no special abilities


You were on level 5 of the Dungeon.
You visited 1 branch of the dungeon, and saw 5 of its levels.
You also visited: Sewer.

You collected 347 gold pieces.

Inventory:

Hand Weapons
 a - a +0 shortbow (weapon)
 b - a +2 dagger of venom
Armour
 c - a +0 leather armour
 j - a +0 cloak (worn)
 r - +0 fire dragon scales (worn)
Scrolls
 g - 2 scrolls of magic mapping {unknown}
 h - a scroll of poison {unknown}
 i - 2 scrolls of blinking
 k - 2 scrolls of torment {unknown}
 m - 5 scrolls of teleportation {unknown}
 n - 10 scrolls of identify {unknown}
 p - 2 scrolls of fear {unknown}
 q - 3 scrolls of immolation
 u - 2 scrolls of amnesia {unknown}
Potions
 d - a potion of cancellation {unknown}
 e - 2 potions of attraction {unknown}
 f - a potion of magic {unknown}
 l - a potion of flight {unknown}
 o - 3 potions of degeneration {unknown}
 s - a potion of brilliance {unknown}
 t - a potion of curing {unknown}
 v - a potion of haste


   Skills:
 + Level 3.8 Fighting
 + Level 0.4 Short Blades
 * Level 7.7 Ranged Weapons
 + Level 4.5 Dodging
 + Level 4.4 Stealth


You had 6 spell levels left.
You didn't know any spells.
Your spell library contained the following spells:

 Spells                   Type           Power      Damage    Failure   Level
 Sandblast                Erth           0%         2d4       99%         1
 Ensorcelled Hibernation  Hex/Ice        0%         N/A       100%        2
 Lesser Beckoning         Tloc           0%         N/A       100%        2
 Passwall                 Tmut/Erth      0%         N/A       100%        2
 Dazzling Flash           Conj/Hex       0%         N/A       100%        3
 Gell's Gravitas          Tloc           0%         N/A       100%        3
 Spider Form              Tmut/Pois      0%         N/A       100%        3
 Stone Arrow              Conj/Erth      0%         3d7       100%        3
 Teleport Other           Tloc           0%         N/A       100%        3
 Anguish                  Hex/Necr       0%         N/A       100%        4
 Agony                    Necr           0%         N/A       100%        5
 Silence                  Hex/Air        0%         N/A       100%        5


Dungeon Overview and Level Annotations

Branches:
Dungeon (5/15)              Sewer (visited)
 Temple: D:4-7

Altars:
Hepliaklqana


Innate Abilities, Weirdness & Mutations

You are small and have problems with some larger weapons.
You are completely attuned to the shadows.


Message History

The scorpion stings you but does no damage.
The scorpion closely misses you. The scorpion attacks as you move away!
The scorpion stings you.
Fire: a) +0 shortbow
Press: ? - help, Q - select action Shift-Dir - straight line, f/p - scorpion
Aim: a scorpion (66% to hit)
You shoot an arrow. The arrow barely misses the scorpion.
The arrow hits the scorpion!
The scorpion is heavily wounded.
The scorpion stings you.
You are poisoned.
The scorpion poisons you! The scorpion stings you.
You are lethally poisoned!
The scorpion poisons you!
Fire: a) +0 shortbow
Press: ? - help, Q - select action Shift-Dir - straight line, f/p - scorpion
Aim: a scorpion (66% to hit)
You shoot an arrow. The arrow closely misses the scorpion.
You feel extremely sick. The scorpion barely misses you.
The scorpion stings you but does no damage.
The scorpion stings you.
You are more poisoned.
The scorpion poisons you! The scorpion closely misses you.
Fire: a) +0 shortbow
Press: ? - help, Q - select action Shift-Dir - straight line, f/p - scorpion
Aim: a scorpion (66% to hit)
You shoot an arrow. The arrow hits the scorpion!
The scorpion is heavily wounded.
* * * LOW HITPOINT WARNING * * *
You feel extremely sick. The scorpion barely misses you.
The scorpion misses you. The scorpion closely misses you.
The scorpion stings you but does no damage.
Fire: a) +0 shortbow
Press: ? - help, Q - select action Shift-Dir - straight line, f/p - scorpion
Aim: a scorpion (heavily wounded, 66% to hit)
You shoot an arrow. The arrow hits the scorpion.
The scorpion is severely wounded.
You die...

<.....#### #.#.# #.#
.##.#.######.#.# #.#
###.#..........# #.#
#.########...# #.#
#.# #...# #.# #.#
#...# #.# #.#
#...######.#### #.#
######..>...........
#.#
#........s@####.####
#.# #.###.##.#s# #.#
#.# #.# #....#S# #.#
#.#
#.###.##.#.####.#
#.###..............
#..........###.####
#####.#.#.####.#
#.#.....##.#
#...###.##.#


You could see 2 scorpions and an adder.

Vanquished Creatures
  2 bullfrogs (Sewer)
  A sleepcap (D:5)
  An iguana (D:4)
  2 orc wizards (D:4)
  5 adders
  A white imp (D:5)
  2 worms (D:2)
  8 orcs
  6 bats
  15 endoplasms
  15 giant cockroaches
  4 goblins
  8 hobgoblins
  13 quokkas
  20 ball pythons
  13 frilled lizards
  5 kobolds
  4 rats
125 creatures vanquished.

Vanquished Creatures (others)
  2 fungi (D:5)
2 creatures vanquished.

Grand Total: 127 creatures vanquished

Notes
Turn   | Place    | Note
-------+----------+-------------------------------------------
     0 | D:1      | snakesoul the Kobold Hunter began the quest for the Orb.
     0 | D:1      | Reached XP level 1. HP: 12/12 MP: 1/1
   145 | D:1      | Reached XP level 2. HP: 12/18 MP: 2/2
   539 | D:1      | Reached XP level 3. HP: 22/22 MP: 3/3
   746 | D:1      | Found a faded altar of an unknown god.
  1325 | D:2      | Reached skill level 6 in Ranged Weapons
  1574 | D:2      | Reached XP level 4. HP: 27/27 MP: 4/4
  2876 | D:4      | Reached XP level 5. HP: 24/32 MP: 5/5
  2942 | D:4      | Found a glowing drain.
  2948 | Sewer    | Entered a sewer
  3088 | Sewer    | Reached XP level 6. HP: 34/37 MP: 6/6
  3123 | Sewer    | Reached skill level 7 in Ranged Weapons
  3566 | D:4      | Reached XP level 7. HP: 32/42 MP: 7/7
  4197 | D:5      | Entered Level 5 of the Dungeon
  4227 | D:5      | Found a hazy altar of Hepliaklqana.
  4625 | D:5      | Succumbed to a scorpion's poison

Illustrated notes

Levels and vault maps discovered:
D:1:      minmay_arrival_loop, layout_basic,
          shapermc_ecumenical_altar_starsandcircs
D:2:      layout_loops_corners
D:3:      layout_rooms, hangedman_decor_opposing
D:4:      layout_basic, cheibrodos_sewer_entry_drain, minmay_ruptured
D:5:      layout_loops_ring, mainiacjoe_overflow_boulevard, uniq_edmund

Skill      XL: |  1  2  3  4  5  6 |
---------------+-------------------+-----
Stealth        | 2 3 4 |  4.4
Ranged Weapons | 6 7 |  7.7
Dodging        | 3 4 |  4.5
Fighting       | 3 |  3.8
Short Blades   | |  0.4

Action                     |  1- 3 |  4- 6 |  7- 9 || total
---------------------------+-------+-------+-------++-------
  Melee: Shortbow          |       |     1 |       ||     1
         Dagger            |       |       |     6 ||     6
   Fire: Shortbow          |    77 |   195 |    27 ||   299
 Armour: Leather armour    |     5 |     2 |       ||     7
         Fire dragon scale |       |    63 |    18 ||    81
  Dodge: Dodged            |    15 |    68 |    25 ||   108
